 Dungeon Crawl Stone Soup version 0.29.1-12-g30fa7ad0bf (webtiles) character file.

Game seed: 3549624228848959249

219 wormed the Trooper (level 5, -18/33 HPs)
             Began as a Gargoyle Fighter on Dec 20, 2022.
             Was an Initiate of Okawaru.
             Demolished by an ogre
             ... wielding a +0 giant club
              (20 damage)
             ... on level 4 of the Dungeon.
             The game lasted 00:06:35 (2881 turns).

wormed the Trooper (Gargoyle Fighter)               Turns: 2881, Time: 00:06:35

Health: -18/33     AC: 13    Str: 22    XL:     5   Next: 96%
Magic:  5/5        EV:  7    Int:  8    God:    Okawaru [......]
Gold:   156        SH:  4    Dex:  9    Spells: 4/4 levels left

rFire   . . .      SeeInvis .   a - +0 flail
rCold   . . .      Faith    .   c - +0 buckler
rNeg    + . .      Spirit   .   n - +0 chain mail
rPois   ∞          Reflect  .   (no helmet)
rElec   +          Harm     .   (no cloak)
rCorr   .          Rampage  .   (no gloves)
Will    .....                   (no boots)
Stlth   ..........              (no amulet)
HPRegen 0.11/turn               (no ring)
MPRegen 0.09/turn               (no ring)

@: no status effects
A: sickness immunity, AC +4, negative energy resistance 1, electricity
resistance, torment resistance 1, petrification resistance
a: Renounce Religion


You were on level 4 of the Dungeon.
You worshipped Okawaru.
Okawaru was noncommittal.
You visited 2 branches of the dungeon, and saw 5 of its levels.

You collected 156 gold pieces.

Inventory:

Hand Weapons
 a - a +0 flail (weapon)
Armour
 b - a +0 scale mail
 c - a +0 buckler (worn)
 n - a +0 chain mail (worn)
Jewellery
 e - a ring of wizardry
 q - a +6 ring of strength
 u - a +6 ring of intelligence
Scrolls
 f - a scroll of torment {unknown}
 k - a scroll of blinking {unknown}
 l - a scroll of enchant weapon {unknown}
 o - 2 scrolls of poison {unknown}
 s - 2 scrolls of amnesia {unknown}
 v - a scroll of teleportation {unknown}
Potions
 d - 2 potions of might
 g - 4 potions of curing
 h - 4 potions of ambrosia
 i - a potion of heal wounds
 j - a potion of attraction {unknown}
 p - a potion of cancellation {unknown}
 r - a potion of flight {unknown}
 t - a potion of lignification {unknown}


   Skills:
 + Level 4.3 Fighting
 * Level 4.0 Maces & Flails
 + Level 4.3 Armour
 + Level 4.2 Shields


You had 4 spell levels left.
You didn't know any spells.
Your spell library contained the following spells:

 Spells                   Type           Power      Damage    Failure   Level
 Ozocubu's Armour         Ice            0%         N/A       100%        3
 Orb of Destruction       Conj           0%         9d5       100%        7
 Ozocubu's Refrigeration  Ice            0%         4d7       100%        7
 Summon Guardian Golem    Hex/Summ       Unusable   N/A       N/A         3
 Spellforged Servitor     Conj/Summ      Unusable   N/A       N/A         7

Dungeon Overview and Level Annotations

Branches:
Dungeon (4/15)             Temple (1/1) D:4

Altars:
Cheibriados
Dithmenos
Gozag
Hepliaklqana
Makhleb
Okawaru
Ru
Sif Muna
Trog
Uskayaw
Wu Jian
Yredelemnul

Shops:
D:2 :*((

Annotations:
D:4 Natasha


Innate Abilities, Weirdness & Mutations

You are immune to sickness and miasma.
Your stone body is resilient. (AC +4)
You are immune to poison.
You resist negative energy. (rN+)
You are resistant to electric shocks. (rElec)
You are resistant to unholy torment.
You are immune to petrification.


Message History

You see here a +0 dagger.
There is a stone staircase leading down here.
You climb downwards.
Natasha hisses angrily.
The black bear growls angrily.
Natasha hisses.
Natasha stares at you and mumbles some strange words.
The magic dart hits you.
Found a sedimented green potion and 3 javelins.
Found an escape hatch in the floor and an escape hatch in the ceiling.
There is a stone staircase leading up here.
You climb upwards.
There is a stone staircase leading down here.
Really walk into that teleport trap?
Okay, then.
There is an escape hatch in the floor here.
You slide downwards.
The hatch slams shut behind you.
Level annotation: Natasha The kobold shouts!
There are monsters nearby!
The kobold throws a stone.
The stone completely misses you.
An adder comes into view.
The adder hisses angrily.
You hit the ogre.
The ogre is lightly wounded.
The ogre hits you with a +0 giant club!
You barely miss the ogre.
The ogre is lightly wounded.
The ogre hits you with a +0 giant club!!
Ouch! That really hurt!
* * * LOW HITPOINT WARNING * * *
You hit the ogre.
The ogre is moderately wounded.
The ogre barely misses you.
You hit the ogre.
The ogre is heavily wounded.
You barely miss the ogre.
The ogre is heavily wounded.
The ogre hits you with a +0 giant club!!
Ouch! That really hurt!
You die...

..####....#
..........#
..........#
.......>..#
........###
.....##..##
.....###..###
###### .....#
##.K.# #....#
...$.#
###.####@...#
...(.#
#...KO.####
.....# #...S###
.....# #...#(.#
.....# #..###..#
.........###...#
.....#### #...##
.....# #<#..#
.....# #.##O#


You could see an ogre, an adder and a kobold.

Vanquished Creatures
  A scorpion (D:3)
  A necrophage (D:4)
  Jessica (D:2)
  2 adders (D:3)
  2 orcs
  3 bats
  6 endoplasms
  3 giant cockroaches
  5 goblins
  3 hobgoblins
  6 jackals
  4 ball pythons
  6 frilled lizards
  6 kobolds
  A rat (D:1)
50 creatures vanquished.

Notes
Turn   | Place    | Note
-------+----------+-------------------------------------------
     0 | D:1      | wormed the Gargoyle Fighter began the quest for the Orb.
     0 | D:1      | Reached XP level 1. HP: 14/14 MP: 1/1
   270 | D:1      | Reached XP level 2. HP: 19/19 MP: 2/2
   806 | D:2      | Found a faded altar of an unknown god.
   819 | D:2      | Found Imourog's Book Emporium.
   825 | D:2      | Found Xacsas's Weapon Shoppe.
   909 | D:2      | Found Xatzenk's Weapon Boutique.
   919 | D:2      | Found Nireis's Assorted Antiques.
  1035 | D:2      | Reached XP level 3. HP: 23/23 MP: 3/3
  1295 | D:2      | Noticed Jessica
  1300 | D:2      | Killed Jessica
  1380 | D:3      | Reached XP level 4. HP: 25/29 MP: 4/4
  1996 | D:4      | Noticed a necrophage
  2007 | D:4      | Killed a necrophage
  2008 | D:4      | Reached XP level 5. HP: 28/33 MP: 5/5
  2047 | D:4      | Noticed an ogre
  2061 | D:4      | Found a staircase to the Ecumenical Temple.
  2070 | Temple   | Entered the Ecumenical Temple
  2459 | Temple   | Became a worshipper of Warmaster Okawaru
  2848 | D:4      | Noticed Natasha
  2848 | D:4      | Noticed a black bear
  2878 | D:4      | HP: 1/33 [ogre/+0 giant club (23)]
  2881 | D:4      | Demolished by an ogre

Illustrated notes

Levels and vault maps discovered:
D:1:      wheals_arrival_shading, layout_loops_ring, minmay_stone_trees_large
D:2:      layout_loops_ring, ebering_ecumenical_altar_mist, serial_shops,
          nicolae_shop_bloodbath_and_beyond, nicolae_shop_statue_plus, shop,
          shop, uniq_jessica
D:3:      layout_rooms, serial_park_tiny_1, minmay_misc_feat_plants,
          st_stairs_13
D:4:      layout_rooms, lemuel_crystal_altar, grunt_temple_overflow_open,
          minmay_temple_entry_waves, uniq_blork_the_orc, uniq_natasha
Temple:   nicolae_temple_bog_church

Skill      XL: |  1  2  3  4  5 |
---------------+----------------+-----
Maces & Flails | 3 4 |  4.0
Fighting       | 4 |  4.3
Armour         | 4 |  4.3
Shields        | 4 |  4.2

Action                   |  1- 3 |  4- 6 || total
-------------------------+-------+-------++-------
Melee: Flail             |    80 |    85 ||   165
  Use: Scroll            |       |     3 ||     3
       Potion            |       |     1 ||     1
Armor: Scale mail        |    31 |       ||    31
       Chain mail        |    44 |    48 ||    92
Dodge: Dodged            |    52 |    37 ||    89
Block: Buckler           |    25 |    24 ||    49
